AoeStats
← ogipochi_

Arena

506810614Analyzed
3v3 RM · 18d ago on Sep 15, 2026· 47m 10s· 6 players
Game mode
Random Map
Map size
Normal (6 player)
Population
200
Speed
Normal
Resources
Standard
Victory
Conquest
Starting age
Dark Age
Ending age
Imperial Age
RankedLock teamsTeams togetherTeam positionsShared explorationLock speedFull tech treeHidden civsTurbo modeCheats
Victory
Defeat
🇲🇽 Hindustanis · Mexico
724
+7
🇯🇵 Khitans · Japan
715
+7
🇪🇸 Chinese · Spain
712
+7
🇹🇷 Chinese · Türkiye
679
-12
🇬🇧 Inca · United Kingdom
414
-5
🇺🇸 Japanese · United States
385
-4
Dispenser goes here still
3:20 Loom
21:14 Feudal Age
Leggy Mountbatten
0:30 Loom
11:03 Feudal Age
11:25 Horse Collar
11:36 Gold Mining
19:38 Castle Age
18:01 Double-Bit Axe
19:00 Stone Mining
20:20 Heavy Plow
mehmetlatifbzgyk
17:55 Feudal Age
25:15 Castle Age
25:08 Padded Archer Armor
25:08 Scale Mail Armor
24:59 Fletching
27:05 Bodkin Arrow
27:26 Leather Archer Armor
27:33 Chain Mail Armor
36:36 Imperial Age
37:31 Bracer
38:02 Ring Archer Armor
38:13 Plate Mail Armor
41:16 Elite Chu Ko Nu
ogipochi_
0:27 Loom
11:30 Feudal Age
12:03 Double-Bit Axe
12:09 Gold Mining
12:59 Domestication
14:08 Forging
15:31 Wheelbarrow
15:39 Stone Mining
19:03 Castle Age
17:37 Scale Mail Armor
17:07 Man-at-Arms
17:44 Arson
20:47 Iron Casting
20:37 Long Swordsman
21:51 Gambesons
22:42 Squires
24:53 Bow Saw
25:43 Pastoralism
KcoasRaulMx
0:31 Loom
10:55 Feudal Age
11:34 Double-Bit Axe
11:47 Horse Collar
16:16 Scale Barding Armor
16:08 Gold Mining
20:22 Castle Age
19:10 Scale Mail Armor
19:11 Padded Archer Armor
19:22 Forging
19:03 Fletching
20:19 Arson
20:47 Bloodlines
22:27 Stone Mining
23:46 Stone Shaft Mining
23:44 Bow Saw
25:08 Heavy Plow
27:28 Wheelbarrow
26:41 Town Watch
27:12 Fervor
27:45 Caravan
29:33 Chain Barding Armor
30:35 Husbandry
31:53 Iron Casting
32:18 Ballistics
32:34 Grand Trunk Road
33:04 Hand Cart
37:01 Imperial Age
35:21 Bodkin Arrow
36:10 Town Patrol
36:30 Leather Archer Armor
38:48 Chemistry
37:51 Bracer
38:22 Ring Archer Armor
37:27 Heavy Camel Rider
38:14 Thumb Ring
38:17 Shatagni
38:48 Conscription
39:25 Siege Engineers
43:05 Two-Man Saw
44:26 Hoardings
44:54 Imperial Camel Rider
44:56 Light Cavalry
46:28 Gold Shaft Mining
j.santosddd
0:35 Loom
10:13 Feudal Age
10:48 Double-Bit Axe
19:39 Castle Age
19:38 Padded Archer Armor
20:22 Bloodlines
20:09 Gold Mining
22:34 Wheelbarrow
22:52 Stone Mining
24:28 Caravan
28:00 Hand Cart
28:51 Gold Shaft Mining
29:20 Bow Saw
29:56 Horse Collar
30:42 Leather Archer Armor
30:18 Fletching
31:19 Stone Shaft Mining
32:03 Masonry
35:33 Imperial Age
34:07 Heavy Plow
35:34 Bodkin Arrow
37:22 Elite Chu Ko Nu
41:02 Heavy Rocket Cart
43:03 Chemistry
42:27 Ballistics
42:19 Bracer
43:29 Husbandry
42:50 Cavalier
Connection lost

Rejoining the realm…

Still unreachable

The connection could not be restored.

Session expired

The server has moved on; the page needs a fresh start.